 Dungeon Crawl Stone Soup version 0.26-a0-651-gb41185065b (webtiles) character file.

Game seed: 3327712549871183093

1285 P0NYSLAYSTATION the Cleaver (level 8, -5/70 HPs)
             Began as a Hill Orc Fighter on Sept 27, 2020.
             Was a Believer of Beogh.
             Slain by a killer bee (6 damage)
             ... on level 6 of the Dungeon on Sept 28, 2020.
             The game lasted 00:20:55 (5844 turns).

P0NYSLAYSTATION the Cleaver (Hill Orc Fighter)      Turns: 5844, Time: 00:20:56

Health: -5/70      AC:  8    Str: 21    XL:     8   Next: 55%
Magic:  0/8        EV:  6    Int: 14    God:    Beogh [**....]
Gold:   237        SH: 15    Dex: 10    Spells: 6/7 levels left

rFire    . . .     SeeInvis .   a - +1 war axe
rCold    + . .     Faith    .   p - +0 tower shield
rNeg     . . .     Spirit   +   b - +0 scale mail
rPois    .         Reflect  .   (no helmet)
rElec    .         Harm     .   (no cloak)
rCorr    .         Rampage  .   v - +0 pair of gloves
MR       .....                  (no boots)
Stlth    ..........             t - amulet of guardian spirit
HPRegen  0.21/turn              s - ring of protection from cold
MPRegen  0.11/turn              w - +6 ring of intelligence

@: lethally poisoned (-5 -> -13)
A: no striking features
a: Smiting, Renounce Religion


You were on level 6 of the Dungeon.
You worshipped Beogh.
Beogh was pleased with you.
You visited 1 branch of the dungeon, and saw 6 of its levels.

You collected 237 gold pieces.

Inventory:

Hand Weapons
 a - a +1 war axe (weapon)
 f - a +0 halberd
 x - a +2 dagger of venom
 A - a +2 dagger of draining
Armour
 b - a +0 scale mail (worn)
 c - a +0 kite shield
 p - a +0 tower shield (worn)
 v - a +0 pair of gloves (worn)
Jewellery
 s - a ring of protection from cold (left hand)
 t - an amulet of guardian spirit (around neck)
 w - a +6 ring of intelligence (right hand)
 B - an uncursed ring of fire
Wands
 z - a wand of random effects (15)
Scrolls
 d - a scroll of amnesia
 e - a scroll of enchant weapon
 g - a scroll of enchant armour {unknown}
 l - 2 scrolls of immolation
 m - 2 scrolls of noise
 n - a scroll of identify
 o - 2 scrolls of fog {unknown}
 q - a scroll of magic mapping {unknown}
 r - a scroll of fear {unknown}
 y - 2 scrolls of remove curse
Potions
 u - 3 potions of magic


   Skills:
 + Level 5.7 Fighting
 + Level 8.6 Axes
 + Level 5.8 Armour
 + Level 2.2 Dodging
 + Level 0.3 Stealth
 + Level 5.7 Shields


You had 6 spell levels left.
You knew the following spells:

 Your Spells              Type           Power        Failure   Level
a - Magic Dart            Conj           #...         100%        1

Your spell library contained the following spells:

 Spells                   Type           Power        Failure   Level


Dungeon Overview and Level Annotations

Branches:
Dungeon (6/15)
 Temple: D:4-7

Altars:
Kikubaaqudgha
Sif Muna
Vehumet


Message History

* * * LOW HITPOINT WARNING * * *
You are lethally poisoned!
The killer bee poisons you!
Okay, then.
You closely miss the killer bee.
The killer bee is moderately wounded.
* * * LOW HITPOINT WARNING * * *
You feel sick. You block the killer bee's attack.
The killer bee closely misses you. You block the killer bee's attack.
You slash the killer bee!
The killer bee is almost dead.
* * * LOW HITPOINT WARNING * * *
You feel sick. The killer bee stings you.
* * * LOW HITPOINT WARNING * * *
The killer bee barely misses you.
You closely miss the killer bee.
The killer bee is almost dead.
* * * LOW HITPOINT WARNING * * *
You feel sick. The killer bee stings you.
You die...

##...##
##.....##
##.......##
####.........#
.............+
###..........#
#.#.......##
#.##.....##
##y@.## ##+##
#y# # #.# ..
##y## #.#...##
#......#
###....#
##.#.########


You could see a killer bee.

Vanquished Creatures
  An ice beast (D:5)
  3 ogres
  2 centaurs (D:5)
  2 big kobolds (D:5)
  2 scorpions (D:5)
  2 killer bees (D:6)
  3 orc wizards
  An orc priest (D:4)
  A centaur skeleton (D:4)
  A jelly (D:5)
  An iguana (D:4)
  3 worker ants (D:4)
  3 gnolls
  8 adders
  A white imp (D:5)
  An ufetubus (D:5)
  2 oozes
  An adder skeleton (D:5)
  2 dart slugs (D:3)
  A leopard gecko (D:4)
  6 orcs (D:3)
  9 bats
  4 giant cockroaches
  2 goblins
  9 hobgoblins
  3 jackals (D:1)
  3 quokkas
  5 ball pythons
  4 frilled lizards
  14 kobolds
  A leopard gecko skeleton (D:4)
  A quokka skeleton (D:5)
  6 rats
108 creatures vanquished.

Vanquished Creatures (others)
  An orc priest (D:5)
  2 orcs (D:5)
  A frilled lizard (D:5)
4 creatures vanquished.

Grand Total: 112 creatures vanquished

Notes
Turn   | Place    | Note
-------+----------+-------------------------------------------
     0 | D:1      | P0NYSLAYSTATION the Hill Orc Fighter began the quest for
                  | the Orb.
     0 | D:1      | Reached XP level 1. HP: 19/19 MP: 1/1
    37 | D:1      | Reached XP level 2. HP: 16/27 MP: 2/2
   345 | D:5      | Entered Level 5 of the Dungeon
   357 | D:5      | Noticed a scorpion
   379 | D:5      | Became a worshipper of Beogh the Brigand
   395 | D:5      | Killed a scorpion
   395 | D:5      | Reached skill level 3 in Axes
   395 | D:5      | Reached XP level 3. HP: 6/33 MP: 3/3
   395 | D:5      | Reached XP level 4. HP: 7/40 MP: 4/4
   805 | D:5      | Noticed an ogre
   876 | D:3      | Reached skill level 4 in Axes
   976 | D:4      | Reached XP level 5. HP: 15/46 MP: 5/5
  2020 | D:1      | Reached * piety under Beogh
  2856 | D:3      | Reached skill level 5 in Axes
  2925 | D:3      | Reached skill level 1 in Dodging
  3501 | D:4      | Reached XP level 6. HP: 49/53 MP: 6/6
  3933 | D:4      | Reached skill level 6 in Axes
  4117 | D:4      | Reached XP level 7. HP: 45/60 MP: 5/7
  4460 | D:5      | Reached skill level 7 in Axes
  4460 | D:5      | Reached skill level 5 in Armour
  4731 | D:5      | Reached skill level 5 in Fighting
  4742 | D:5      | Reached skill level 5 in Shields
  4742 | D:5      | Reached XP level 8. HP: 34/68 MP: 6/8
  4928 | D:5      | Reached ** piety under Beogh
  5249 | D:5      | Reached skill level 8 in Axes
  5708 | D:5      | Found an ancient bone altar of Kikubaaqudgha.
  5714 | D:5      | Found a shimmering blue altar of Sif Muna.
  5716 | D:5      | Found a radiant altar of Vehumet.
  5719 | D:5      | Identified Vehumet's Disquisition on Confrontation
  5735 | D:5      | Learned a level 1 spell: Magic Dart
  5842 | D:6      | HP: 3/70 [poisoned by a killer bee]
  5843 | D:6      | HP: 1/70 [killer bee (1)]
  5844 | D:6      | Slain by a killer bee

Illustrated notes

Levels and vault maps discovered:
D:1:      dpeg_arrival_tiny_a, layout_loops_corners
D:2:      layout_basic
D:3:      layout_rooms, fountainhead
D:4:      kennysheep_six_static_rooms, layout_cave_pools
D:5:      cheibrodos_thug_alley, layout_basic,
          grunt_temple_overflow_magic_moments, portal_sewer_entry_c, st_stairs_5
D:6:      layout_loops_corners, lemuel_doored_altar, minmay_temple_entry_wispy,
          uniq_prince_ribbit1, uniq_menkaure

Skill      XL: |  1  2  3  4  5  6  7  8 |
---------------+-------------------------+-----
Fighting       | 4 5 |  5.7
Axes           | 3 4 5 6 7 8 |  8.6
Armour         | 4 5 |  5.8
Shields        | 4 5 |  5.7
Dodging        | 1 2 |  2.2
Stealth        | |  0.3

Action                   |  1- 3 |  4- 6 |  7- 9 || total
-------------------------+-------+-------+-------++-------
Melee: War axe           |    33 |   247 |   160 ||   440
Throw: Throwing net      |     1 |       |       ||     1
Invok: Convert to Beogh  |     1 |       |       ||     1
  Use: Potion            |     1 |     2 |    10 ||    13
       Scroll            |       |     5 |     5 ||    10
Armor: Scale mail        |    22 |    99 |    71 ||   192
Dodge: Dodged            |     9 |    78 |    46 ||   133
Block: Kite shield       |    21 |   143 |    43 ||   207
       Tower shield      |       |       |    81 ||    81

Table legend: (Time is in decaauts)
 A = Elapsed time spent in this place.
 B = Non-inter-level travel time spent in this place.
 C = Inter-level travel time spent in this place.
 D = Time resting spent in this place.
 E = Time spent auto-exploring this place.
 F = Levels seen in this place.
 G = Mean time per level.
                   A        B        C        D        E       F      G
               +--------+--------+--------+--------+--------+-----+--------+
         Total |   6025 |   5874 |    151 |    880 |   3620 |   6 | 1004.2 |
       Dungeon |   6025 |   5874 |    151 |    880 |   3620 |   6 | 1004.2 |
               +--------+--------+--------+--------+--------+-----+--------+

Top non-repeatable levels by time:
     D:5: 2040 daAuts
     D:4: 1060 daAuts
     D:2: 1030 daAuts
     D:1: 965 daAuts
     D:3: 831 daAuts
     D:6: 96 daAuts
